 Dungeon Crawl Stone Soup version 0.18.1-47-g9310371 (webtiles) character file.

183 Matyi1199 the Shield-Bearer (level 5, 0/47 HPs)
             Began as a Minotaur Fighter on June 21, 2016.
             Was an Initiate of Gozag.
             Slain by Vincendra's ghost (2 damage)
             ... on level 4 of the Dungeon.
             The game lasted 00:23:29 (2427 turns).

Matyi1199 the Shield-Bearer (Minotaur Fighter)      Turns: 2427, Time: 00:23:29

Health: 0/47       AC: 12    Str: 21    XL:     5   Next: 35%
Magic:  4/4        EV:  6    Int: 10    God:    Gozag
Gold:   197        SH: 10    Dex: 10    Spells: 0 memorised, 4 levels left

rFire  . . .     SeeInvis .     a - +0 long sword
rCold  + . .     Gourm    .     z - +0 chain mail of Ithriq {rC+ Int+5 Slay-3}
rNeg   . . .     Faith    .     c - +0 shield
rPois  .         Spirit   .     (helmet restricted)
rElec  .         Dismiss  .     (no cloak)
rCorr  .         Reflect  .     f - +0 pair of gloves
SustAt .         Harm     .     q - +0 pair of boots
MR     .....                    (no amulet)
Stlth  ..........               (no ring)
                                (no ring)

@: gold aura, not resistant to hostile enchantments, extremely unstealthy
A: retaliatory headbutt, horns 2
a: Potion Petition, Call Merchant, Bribe Branch, Renounce Religion


You were on level 4 of the Dungeon.
You worshipped Gozag.
Gozag was noncommittal.
You were full.

You visited 1 branch of the dungeon, and saw 4 of its levels.

You collected 378 gold pieces.
You spent 160 gold pieces at shops.
You paid 21 gold pieces to Gozag.

Inventory:

Hand Weapons
 a - a +0 long sword (weapon)
 m - a +0 spear
 p - a +0 vampiric dagger
Missiles
 i - 19 bolts
Armour
 b - a +0 scale mail
 c - a +0 shield (worn)
 f - a +0 pair of gloves (worn)
 q - a +0 pair of boots (worn)
 z - the +0 chain mail of Ithriq (worn) {rC+ Int+5 Slay-3}
   (You bought it in a shop on level 4 of the Dungeon)

   It affects your intelligence (+5).
   It affects your accuracy and damage with ranged weapons and melee attacks
   (-3).
   It protects you from cold.
Magical Staves
 u - an uncursed staff of energy
Scrolls
 g - 4 scrolls of fear {unknown}
 h - 8 scrolls of identify {unknown}
 j - a scroll of remove curse
 l - a scroll of immolation {unknown}
 r - 2 scrolls of magic mapping
 w - a scroll of fog {unknown}
 x - a scroll of noise {unknown}
 y - a scroll of enchant armour {unknown}
Potions
 d - 2 potions of might
 e - a potion of cancellation {unknown}
 k - a potion of brilliance {unknown}
 o - a potion of cure mutation {unknown}
 s - a potion of heal wounds
 t - a potion of degeneration {unknown}
 v - 3 potions of curing {unknown}


   Skills:
 + Level 4.4 Fighting
 + Level 3.5 Long Blades
 + Level 0.2 Staves
 + Level 4.7 Armour
 + Level 1.5 Dodging
 + Level 5.0 Shields


You had 4 spell levels left.
You didn't know any spells.

Dungeon Overview and Level Annotations

Branches:
Dungeon (4/15)
 Temple: D:4-7

Altars:
Fedhas
Gozag
Trog
Xom
Yredelemnul

Shops:
D:4 [

Annotations:
D:4 Vincendra's ghost, novice MiFi


Innate Abilities, Weirdness & Mutations

You reflexively headbutt those who attack you in melee.
You have a pair of horns on your head.


Message History

Vincendra's ghost hits you!
* * * LOW HITPOINT WARNING * * *
The quokka bites you but does no damage.
You miss the quokka. Your headbutt misses the quokka.
You block the quokka's attack. You block Vincendra's ghost's attack.
The quokka barely misses you. You block Vincendra's ghost's attack.
You hit the quokka but do no damage. Your headbutt misses the quokka.
The quokka bites you but does no damage.
Vincendra's ghost hits you!
* * * LOW HITPOINT WARNING * * *
You hit the quokka but do no damage.
The quokka bites you but does no damage.
You block Vincendra's ghost's attack.
The quokka bites you but does no damage.
Your chain mail of Ithriq prevents you from hitting the quokka.
You headbutt the quokka.
You kill the quokka!
You block Vincendra's ghost's attack. Vincendra's ghost hits you.
You die...
Your body crumbles into a pile of gold.

#...## #.#..# #.##.#
#.##.# #(##.#
#.##.## #.##..#
********* #.###.##
###########*,,,,,,,,
#.##...#
#oW@$......,,*******
#.##.#.#
#o#########*** *
#.##.#.# #o#
###*********
#.##...# #.#
#o.,,,,,,,*
#.##.∩.#######o#
#.#******,*
#............#o# #.#
*,*
###..#..####.#.##
##.# *,* ##...##
#....#####.o# *,*
#.### #.......oo.##
*,*


You could see an orc wizard, Vincendra's ghost and an orc.

Vanquished Creatures
  An orc wizard (D:3)
  An orc priest (D:3)
  A worker ant (D:4)
  2 adders
  An ooze (D:1)
  A worm (D:2)
  A giant gecko (D:4)
  7 orcs (D:3)
  2 ball pythons
  3 bats
  2 giant cockroaches
  4 hobgoblins
  12 jackals
  3 quokkas
  A giant newt (D:2)
  10 goblins
  A goblin zombie (D:4)
  A jackal skeleton (D:4)
  7 kobolds
  A kobold zombie (D:4)
  2 rats
  A plant (D:1)
65 creatures vanquished.

Notes
Turn   | Place    | Note
--------------------------------------------------------------
     0 | D:1      | Matyi1199 the Minotaur Fighter began the quest for the Orb.
     0 | D:1      | Reached XP level 1. HP: 19/19 MP: 0/0
   160 | D:1      | Reached XP level 2. HP: 22/27 MP: 1/1
   281 | D:1      | Reached skill level 4 in Shields
   523 | D:2      | Found an opulent altar of Gozag.
   548 | D:2      | Reached XP level 3. HP: 29/33 MP: 2/2
   562 | D:2      | Became a worshipper of Gozag Ym Sagoz the Greedy
  1175 | D:3      | Found a shimmering altar of Xom.
  1202 | D:3      | Reached XP level 4. HP: 36/40 MP: 3/3
  1216 | D:3      | Reached skill level 1 in Dodging
  1467 | D:3      | Found a shimmering altar of Xom.
  1702 | D:3      | Reached XP level 5. HP: 47/47 MP: 4/4
  2017 | D:3      | Found a bloodstained altar of Trog.
  2079 | D:4      | Reached skill level 5 in Shields
  2090 | D:4      | Found a blossoming altar of Fedhas.
  2238 | D:4      | Found a runed door.
  2238 | D:4      | Noticed a human
  2239 | D:4      | Found a basalt altar of Yredelemnul.
  2317 | D:4      | Found Agasefo's Armour Emporium.
  2326 | D:4      | Bought the cursed +0 chain mail of Ithriq {rC+ Int+5 Slay-3} for 160 gold pieces
  2396 | D:4      | Noticed Vincendra's ghost (novice MiFi)
  2425 | D:4      | HP: 1/47 [Vincendra's ghost (8)]
  2427 | D:4      | Slain by Vincendra's ghost

Skill      XL: |  1  2  3  4  5 |
---------------+----------------+-----
Shields        | 4 5 |  5.0
Fighting       | 4 |  4.4
Armour         | 4 |  4.7
Long Blades    | 3 |  3.5
Dodging        | 1 |  1.5
Staves         | |  0.2

Action                   |  1- 3 |  4- 6 || total
-------------------------+-------+-------++-------
Melee: Long sword        |    82 |    42 ||   124
       Headbutt          |    15 |    13 ||    28
       Staff             |       |    25 ||    25
Invok: Potion Petition   |       |     1 ||     1
  Use: Scroll            |       |     2 ||     2
       Potion            |       |     2 ||     2
  Eat: Bread ration      |     1 |       ||     1
       Meat ration       |       |     1 ||     1
Armor: Scale mail        |    50 |    35 ||    85
       Chain mail        |       |     7 ||     7
Dodge: Dodged            |    29 |    22 ||    51
Block: Shield            |    54 |    45 ||    99
